Map: Agria Valley

Players

A.I. 1 (Hard)

  • Race: Zerg Zerg
  • Spawn Location: 11:00

NamroodTuo - Winner!

  • Race: Protoss Protoss
  • Spawn Location: 5:00

VOD

Have the link to the VOD?

Description

Time

  • Played on: Jan. 4, 2023, 12:29 p.m.
  • Length: 31:29
Show
View Real Time Build Order
Export as new Build Order

A.I. 1 (Hard) Zerg 

Build Orders: 1 Base Baneling Bust, Pool First 

Get SALT Encoding   

  12  0:01  Drone  
  13  0:12  Overlord  
  13  0:18  Drone  
  14  0:30  Drone  
  14  0:32  Drone  
  16  0:43  Spawning Pool  
  16  0:45  Drone  
  16  0:49  Drone  
  17  0:52  Extractor  
  17  0:55  Drone  
  17  1:06  Overlord  
  17  1:31  Queen, Zergling x2  
  20  1:38  Drone  
  20  1:39  Roach Warren  
  20  1:40  Extractor  
  20  1:43  Zergling x2  
  20  1:49  Drone  
  21  2:00  Drone  
  22  2:10  Overlord  
  22  2:21  Drone  
  23  2:32  Roach  
  25  2:38  Drone  
  25  2:41  Overlord  
  26  2:44  Roach  
  28  2:56  Roach  
  30  3:08  Roach  
  30  3:11  Overlord  
  32  3:21  Roach  
  34  3:33  Roach  
  36  3:42  Overlord  
  36  3:45  Roach, Drone  
  39  3:50  Drone  
  39  3:53  Drone  
  41  3:57  Drone  
  41  4:01  Roach  
  44  4:10  Baneling Nest  
  44  4:11  Drone  
  44  4:12  Drone  
  44  4:13  Roach  
  44  4:15  Drone  
  48  4:21  Evolution Chamber  
  48  4:23  Drone  
  48  4:33  Zergling x2  
  48  4:46  Roach  
  50  4:58  Roach  
  52  5:10  Roach  
  54  6:43  Overlord, Zergling x2, Lair, Zerg Melee Weapons Level 1  
  54  6:46  Evolution Chamber  
  54  6:49  Spore Crawler, Baneling  
  54  6:51  Drone, Spore Crawler  
  53  6:55  Drone, Zergling x2, Hatchery  
  53  6:59  Drone  
  53  7:00  Zergling x2  
  54  7:02  Overlord  
  54  7:06  Zergling x2  
  51  7:12  Zergling x2, Zerg Ground Armor Level 1  
  52  7:18  Zergling x2  
  52  7:23  Metabolic Boost  
  52  7:24  Zergling x2  
  52  7:29  Baneling, Spine Crawler, Zergling x2  
  53  7:30  Drone  
  53  7:35  Baneling  
  54  7:40  Burrow, Overseer  
  54  7:42  Spine Crawler  
  54  7:43  Overseer  
  53  7:45  Spire  
  52  8:07  Queen, Drone  
  52  8:09  Drone, Hydralisk Den  
  52  8:10  Drone  
  52  8:12  Drone  
  57  8:15  Drone  
  58  8:21  Drone  
  58  8:23  Spore Crawler  
  58  8:25  Drone  
  59  8:27  Drone  
  59  8:28  Drone  
  59  8:30  Drone  
  59  8:31  Drone  
  59  8:33  Drone  
  63  8:34  Drone  
  63  8:36  Drone  
  63  8:40  Drone  
  66  8:44  Drone  
  67  8:50  Overlord  
  67  8:52  Zerg Missile Weapons Level 1  
  67  8:54  Drone  
  68  8:58  Drone, Zergling x2  
  68  9:00  Drone  
  68  9:02  Drone  
  72  9:05  Drone  
  73  9:12  Mutalisk  
  73  9:15  Spore Crawler  
  73  9:16  Overlord  
  74  9:18  Mutalisk  
  74  9:19  Drone  
  74  9:23  Queen  
  79  9:24  Mutalisk  
  79  9:27  Overseer  
  79  9:30  Mutalisk  
  83  9:33  Infestation Pit  
  83  9:34  Drone, Overlord  
  83  9:36  Mutalisk  
  85  9:41  Mutalisk  
  87  9:56  Extractor  
  86  10:01  Extractor  
  85  10:19  Drone  
  86  10:23  Drone  
  86  10:25  Drone  
  86  10:26  Overlord, Drone  
  89  10:42  Pneumatized Carapace, Corruptor  
  89  10:43  Hive, Overseer  
  89  10:45  Overlord  
  85  10:51  Mutalisk  
  85  10:52  Hatchery  
  75  10:59  Mutalisk  
  71  11:08  Mutalisk  
  73  11:16  Mutalisk  
  75  11:25  Mutalisk  
  77  11:34  Mutalisk  
  79  11:42  Mutalisk  
  75  11:51  Corruptor  
  75  11:54  Viper  
  77  11:59  Mutalisk  
  82  12:05  Drone  
  82  12:06  Drone  
  82  12:08  Drone, Mutalisk  
  85  12:09  Drone  
  85  12:10  Drone  
  85  12:11  Overseer  
  85  12:12  Drone  
  85  12:13  Extractor, Drone  
  85  12:15  Drone, Spore Crawler  
  88  12:16  Drone  
  88  12:18  Drone, Spore Crawler  
  88  12:19  Drone  
  88  12:21  Drone  
  88  12:22  Drone  
  92  12:23  Mutalisk  
  92  12:24  Drone  
  92  12:25  Drone  
  92  12:26  Drone  
  92  12:27  Extractor  
  92  12:28  Drone  
  98  12:30  Drone  
  98  12:31  Drone  
  98  12:32  Drone, Mutalisk  
  98  12:33  Overlord  
  98  12:34  Drone  
  103  12:42  Mutalisk  
  105  12:47  Overseer  
  101  12:52  Overlord  
  101  12:55  Drone, Mutalisk  
  101  13:00  Drone  
  101  13:03  Mutalisk  
  103  13:09  Spine Crawler  
  103  13:10  Drone  
  103  13:12  Mutalisk  
  105  13:13  Spine Crawler  
  105  13:15  Drone  
  105  13:17  Queen  
  105  13:20  Corruptor  
  105  13:23  Drone  
  105  13:26  Viper  
  107  13:27  Overlord  
  107  13:33  Mutalisk  
  110  13:38  Overseer  
  106  13:42  Mutalisk  
  106  13:45  Overlord  
  106  13:51  Mutalisk  
  106  13:55  Zerg Flyer Weapons Level 1  
  106  14:01  Mutalisk  
  104  14:10  Mutalisk  
  104  14:13  Drone  
  106  14:30  Drone  
  106  14:33  Drone  
  106  14:34  Mutalisk  
  106  14:41  Hydralisk  
  106  14:45  Zergling x2  
  105  14:48  Hydralisk  
  97  14:52  Spine Crawler  
  97  14:53  Roach  
  97  14:56  Roach  
  88  15:00  Zergling x2  
  88  15:03  Hydralisk  
  87  15:07  Roach  
  87  15:11  Zergling x2  
  87  15:14  Hydralisk  
  81  15:18  Roach  
  81  15:22  Zergling x2  
  81  15:25  Hydralisk  
  79  15:28  Hydralisk  
  79  15:33  Zergling x2  
  73  15:36  Zergling x2  
  73  15:39  Hydralisk  
  69  15:43  Zergling x2  
  69  15:47  Zergling x2  
  69  15:48  Drone  
  69  15:49  Drone  
  72  15:51  Drone, Zergling x2, Zerg Flyer Weapons Level 2  
  72  15:52  Drone  
  72  15:53  Overseer  
  72  15:54  Drone  
  72  15:55  Drone, Infestor  
  72  15:57  Drone  
  78  15:58  Drone  
  78  16:00  Drone  
  78  16:01  Roach  
  79  16:04  Zergling x2  
  79  16:08  Zergling x2  
  76  16:11  Hydralisk  
  76  16:16  Zergling x2  
  77  16:19  Zergling x2  
  77  16:23  Zergling x2  
  74  16:26  Hydralisk  
  74  16:27  Overlord  
  74  16:30  Zergling x2  
  69  16:34  Zergling x2  
  69  16:37  Hydralisk  
  69  16:41  Zergling x2  
  69  16:44  Hydralisk  
  70  16:49  Zergling x2  
  70  16:52  Zergling x2  
  67  16:55  Hydralisk  
  67  16:59  Zergling x2  
  69  17:03  Zergling x2  
  69  17:06  Hydralisk  
  69  17:11  Zergling x2  
  69  17:14  Hydralisk  
  69  17:18  Zergling x2  
  69  17:22  Zergling x2  
  71  17:25  Hydralisk  
  71  17:29  Hydralisk  
  75  17:34  Infestor  
  77  17:39  Overseer  
  77  17:40  Roach  
  79  17:45  Roach  
  79  17:50  Roach  
  83  17:55  Roach  
  83  17:56  Ultralisk Cavern  
  84  18:00  Roach  
  84  18:05  Roach  
  88  18:10  Roach  
  90  18:15  Roach  
  90  18:37  Roach  
  90  18:42  Roach  
  90  18:47  Roach  
  87  18:54  Ultralisk  
  82  19:13  Hydralisk  
  80  19:17  Zergling x2  
  80  19:20  Hydralisk  
  83  19:24  Hydralisk  
  83  19:28  Zergling x2  
  84  19:31  Hydralisk  
  84  19:36  Zergling x2  
  84  19:39  Zergling x2  
  84  19:43  Zergling x2  
  80  19:46  Zergling x2  
  80  19:50  Hydralisk  
  75  19:54  Roach  
  75  19:58  Zergling x2  
  62  20:01  Roach  
  62  20:04  Hydralisk  
  60  20:08  Zergling x2  
  60  20:11  Hydralisk  
  60  20:20  Hydralisk  
  56  20:30  Hydralisk  
  56  20:35  Hatchery  
  48  21:03  Ultralisk  
  48  21:09  Zergling x2  
  49  21:24  Hydralisk  
  49  21:31  Zergling x2  
  49  21:47  Hydralisk  
  49  21:52  Zergling x2  
  35  21:55  Hydralisk  
  35  21:59  Zergling x2  
Show
View Real Time Build Order
Export as new Build Order

NamroodTuo Protoss - Winner!

Build Orders:  

Get SALT Encoding   

  12  0:01  Probe  
  13  0:25  Probe  
  13  0:28  Pylon  
  14  0:45  Pylon  
  14  0:53  Probe  
  15  1:05  Probe  
  15  1:06  Assimilator  
  16  1:14  Forge  
  16  1:17  Probe  
  17  1:29  Probe, Gateway  
  18  1:36  Pylon  
  18  1:41  Probe  
  19  1:53  Probe  
  20  2:00  Photon Cannon  
  20  2:05  Probe  
  21  2:11  Photon Cannon  
  21  2:17  Probe  
  21  2:22  Photon Cannon  
  22  2:29  Photon Cannon  
  22  2:56  Nexus  
  22  3:13  Pylon  
  22  3:22  Photon Cannon  
  22  3:27  Photon Cannon  
  22  3:39  Pylon  
  22  3:45  Photon Cannon  
  22  3:55  Photon Cannon  
  22  4:05  Photon Cannon  
  22  4:08  Probe  
  23  4:20  Probe  
  24  4:25  Probe  
  24  4:29  Protoss Shields Level 1  
  25  4:33  Probe  
  26  4:45  Probe  
  27  4:52  Photon Cannon  
  27  4:57  Probe  
  28  5:02  Pylon  
  28  5:09  Probe  
  30  5:21  Probe  
  30  5:33  Probe  
  31  5:45  Probe  
  32  5:57  Probe  
  32  6:01  Photon Cannon  
  32  6:03  Photon Cannon  
  33  6:04  Photon Cannon  
  33  6:08  Photon Cannon  
  33  6:09  Probe, Photon Cannon  
  34  6:19  Pylon  
  34  6:26  Probe  
  35  6:33  Assimilator  
  35  6:36  Assimilator  
  35  6:38  Probe, Protoss Ground Weapons Level 1  
  36  6:41  Photon Cannon  
  36  6:42  Photon Cannon  
  36  6:44  Photon Cannon  
  36  6:46  Photon Cannon  
  36  6:50  Probe  
  37  7:02  Probe  
  38  7:12  Photon Cannon  
  38  7:14  Probe, Photon Cannon  
  38  7:15  Photon Cannon  
  39  7:20  Pylon  
  39  7:23  Photon Cannon  
  39  7:28  Photon Cannon  
  39  7:29  Photon Cannon  
  39  7:36  Photon Cannon  
  39  7:38  Photon Cannon  
  39  7:55  Cybernetics Core  
  39  8:20  Pylon  
  39  8:41  Photon Cannon  
  39  8:45  Photon Cannon  
  39  8:46  Protoss Ground Armor Level 1  
  39  8:47  Photon Cannon  
  39  8:49  Photon Cannon  
  39  8:52  Photon Cannon  
  39  8:54  Photon Cannon  
  39  8:55  Photon Cannon  
  39  8:57  Photon Cannon  
  39  9:03  Pylon  
  39  9:20  Photon Cannon  
  39  9:23  Photon Cannon x2  
  39  9:24  Photon Cannon  
  39  9:27  Photon Cannon  
  39  9:30  Photon Cannon  
  39  9:31  Photon Cannon  
  39  9:38  Pylon  
  39  9:40  Photon Cannon  
  39  9:53  Warp Gate  
  39  10:01  Stalker  
  41  10:11  Photon Cannon  
  41  10:13  Photon Cannon  
  41  10:15  Photon Cannon  
  41  10:17  Photon Cannon  
  41  10:18  Photon Cannon  
  41  10:31  Nexus, Stalker  
  43  10:49  Assimilator  
  43  11:01  Stalker  
  45  11:06  Photon Cannon  
  45  11:08  Photon Cannon  
  45  11:09  Photon Cannon  
  45  11:11  Photon Cannon x2  
  45  11:12  Photon Cannon  
  45  11:18  Pylon  
  45  11:22  Photon Cannon  
  45  11:23  Photon Cannon  
  45  11:31  Stalker  
  47  11:36  Photon Cannon  
  47  11:39  Photon Cannon  
  47  11:45  Photon Cannon  
  47  11:47  Photon Cannon  
  48  12:01  Stalker  
  50  12:16  Probe  
  50  12:17  Photon Cannon x2  
  50  12:19  Photon Cannon  
  50  12:26  Photon Cannon  
  50  12:28  Probe  
  51  12:33  Pylon  
  51  12:42  Photon Cannon  
  51  12:53  Photon Cannon  
  51  12:55  Photon Cannon  
  51  12:57  Photon Cannon  
  51  12:59  Photon Cannon  
  51  13:00  Photon Cannon  
  51  13:08  Photon Cannon  
  51  13:37  Pylon x2  
  51  13:40  Photon Cannon  
  51  13:42  Photon Cannon  
  51  13:52  Assimilator  
  51  14:00  Photon Cannon  
  51  14:01  Photon Cannon  
  51  14:03  Photon Cannon  
  51  14:07  Photon Cannon  
  51  14:08  Photon Cannon  
  51  14:10  Photon Cannon  
  51  14:19  Pylon  
  48  15:43  Pylon  
  46  16:27  Zealot  
  48  16:38  Pylon  
  48  16:41  Pylon  
  48  16:50  Photon Cannon  
  48  16:59  Photon Cannon  
  48  17:03  Photon Cannon  
  48  17:04  Photon Cannon  
  48  17:06  Photon Cannon  
  48  17:08  Photon Cannon  
  48  17:12  Photon Cannon  
  48  17:21  Pylon  
  48  17:28  Pylon  
  48  17:41  Zealot  
  50  17:51  Photon Cannon  
  50  17:53  Photon Cannon  
  50  17:55  Photon Cannon  
  50  17:57  Photon Cannon  
  50  17:59  Photon Cannon  
  50  18:01  Photon Cannon  
  50  18:03  Photon Cannon  
  48  18:17  Photon Cannon  
  48  18:18  Photon Cannon  
  48  18:20  Photon Cannon  
  48  18:24  Photon Cannon x2  
  48  18:27  Photon Cannon  
  48  18:29  Photon Cannon  
  48  18:30  Photon Cannon  
  48  19:03  Photon Cannon  
  48  19:05  Photon Cannon  
  48  19:07  Photon Cannon x2  
  48  19:19  Photon Cannon  
  48  19:21  Photon Cannon  
  48  19:22  Photon Cannon  
  48  19:30  Pylon  
  48  19:45  Twilight Council  
  48  19:52  Photon Cannon  
  48  19:55  Photon Cannon  
  48  19:57  Photon Cannon  
  48  19:59  Photon Cannon  
  48  20:01  Photon Cannon  
  48  20:03  Photon Cannon  
  48  20:23  Pylon  
  48  20:41  Photon Cannon  
  48  20:44  Photon Cannon  
  48  20:45  Photon Cannon  
  48  20:47  Photon Cannon  
  48  20:48  Photon Cannon  
  48  20:53  Pylon  
  48  21:01  Pylon  
  48  21:13  Pylon  
  48  21:16  Photon Cannon  
  48  21:17  Photon Cannon  
  48  21:19  Photon Cannon  
  48  21:25  Photon Cannon  
  48  21:28  Photon Cannon  
  48  21:49  Gateway  
  48  22:02  Zealot  
  50  22:19  Protoss Shields Level 2  
  52  22:30  Zealot  
  52  22:54  Zealot  
  52  22:57  Zealot  
  56  23:46  Zealot  
  58  23:49  Zealot  
  60  24:00  Gateway  
  60  24:09  Zealot  
  62  24:10  Zealot  
  64  24:30  Zealot  
  66  24:31  Zealot  
  68  24:51  Zealot  
  68  24:52  Protoss Ground Weapons Level 2  
  70  24:54  Zealot  
  70  24:56  Zealot  
  74  25:25  Charge  
  74  26:53  Zealot  
  74  26:54  Zealot x2  
  78  27:06  Blink  
  78  27:26  Protoss Ground Armor Level 2  
  78  28:00  Stargate  
  82  29:00  Void Ray  
  82  29:07  Resonating Glaives  
  82  29:15  Stargate  
  82  29:26  Stargate  
  82  29:36  Fleet Beacon  
  86  29:43  Void Ray  
  86  30:13  Void Ray  
  94  30:26  Void Ray  
  98  30:34  Void Ray  
Tags
 
Add a new tag
Caveats
  • Supply blocks, unpowered buildings, or Contaminate may cause inaccurate times.
  • Supply counts are checked every 10 seconds.